 Dungeon Crawl Stone Soup version 0.26.1-11-gd32895ea62 (webtiles) character file.

Game seed: 15927065216278456227

198 dtburroughs the Chopper (level 5, -2/47 HPs)
             Began as a Minotaur Berserker on July 16, 2021.
             Was a Priest of Trog.
             Splashed by a jelly's acid (4 damage)
             ... on level 6 of the Dungeon.
             The game lasted 00:05:15 (3773 turns).

dtburroughs the Chopper (Minotaur Berserker)        Turns: 3773, Time: 00:05:16

Health: -2/47      AC:  2    Str: 21    XL:     5   Next: 47%
Magic:  4/4        EV: 13    Int:  5    God:    Trog [***...]
Gold:   161        SH:  0    Dex: 10    Spells: 4/4 levels left

rFire    . . .     SeeInvis .   a - +0 hand axe
rCold    . . .     Faith    .   (no shield)
rNeg     . . .     Spirit   .   b - +0 animal skin
rPois    .         Reflect  .   (helmet restricted)
rElec    .         Harm     .   (no cloak)
rCorr    .         Rampage  .   (no gloves)
Will     ++...                  (no boots)
Stlth    +.........             (no amulet)
HPRegen  1.15/turn              (no ring)
MPRegen  0.09/turn              (no ring)

@: regenerating (expiring)
A: retaliatory headbutt, horns 2
a: Renounce Religion, Berserk, Trog's Hand


You were on level 6 of the Dungeon.
You worshipped Trog.
Trog was most pleased with you.
You visited 1 branch of the dungeon, and saw 5 of its levels.

You collected 161 gold pieces.

Inventory:

Hand Weapons
 a - a +0 hand axe (weapon)
Armour
 b - a +0 animal skin (worn)
 i - a +2 scale mail of willpower
Jewellery
 d - a cursed ring of teleportation {unknown}
 l - an uncursed ring of fire {unknown}
Scrolls
 c - 2 scrolls of remove curse {unknown}
 e - 5 scrolls of identify {unknown}
 h - 2 scrolls of teleportation {unknown}
 j - a scroll of amnesia {unknown}
 n - a scroll of fear {unknown}
Potions
 f - a potion of resistance {unknown}
 g - a potion of lignification {unknown}
 k - a potion of degeneration {unknown}
 m - a potion of attraction {unknown}


   Skills:
 + Level 4.8 Fighting
 + Level 4.9 Axes
 + Level 4.1 Armour
 + Level 3.6 Dodging


You had 4 spell levels left.
You didn't know any spells.
Your spell library was empty.

Dungeon Overview and Level Annotations

Branches:
Dungeon (4/15)
 Temple: D:4-7

Altars:
Gozag
Kikubaaqudgha
Sif Muna
Trog
Yredelemnul
The Shining One

Shops:
D:4 (


Innate Abilities, Weirdness & Mutations

You reflexively headbutt those who attack you in melee.
You have a pair of horns on your head.


Message History

You hit the shadow imp. Your headbutt misses the shadow imp.
The shadow imp is moderately wounded.
You feel the effects of Trog's Hand fading.
The shadow imp closely misses you. You furiously retaliate!
You headbutt the shadow imp!
You kill the shadow imp!
Trog accepts your kill.
You hit the jelly.
Your hands burn!
You headbutt the jelly.
The jelly is heavily wounded.
The jelly hits you.
You are splashed with acid!
* * * LOW HITPOINT WARNING * * *
You hit the jelly.
Your hands burn!
* * * LOW HITPOINT WARNING * * *
The jelly is severely wounded.
The jelly hits you.
* * * LOW HITPOINT WARNING * * *
You are splashed with acid!
* * * LOW HITPOINT WARNING * * *
You hit the jelly.
Your hands burn!
You die...

##.#####.#.#
##.....##.Zh#
#......o..ol#
..$......##o#
.........##.#
.........##.###
.........##!l.####
.........####ooJ.#
.$.......# ####@#
...!.....# ###
.........#
.........#
.........#
#.......##


You could see an orc warrior, a jelly, an orc priest and a leopard gecko.

Vanquished Creatures
  An iguana (D:4)
  6 adders
  A shadow imp (D:6)
  An ooze (D:1)
  3 worms
  2 dart slugs (D:1)
  2 leopard geckos (D:2)
  An orc (D:3)
  13 bats
  4 giant cockroaches
  8 goblins
  11 hobgoblins
  6 jackals
  A quokka (D:2)
  A ball python (D:2)
  A jackal skeleton (D:2)
  15 kobolds
  11 rats
88 creatures vanquished.

Notes
Turn   | Place    | Note
-------+----------+-------------------------------------------
     0 | D:1      | dtburroughs the Minotaur Berserker began the quest for the
                  | Orb.
     0 | D:1      | Reached XP level 1. HP: 19/19 MP: 0/0
    87 | D:1      | Reached XP level 2. HP: 27/27 MP: 1/1
   884 | D:1      | Reached XP level 3. HP: 33/33 MP: 2/2
   897 | D:1      | Reached ** piety under Trog
  1877 | D:2      | Reached XP level 4. HP: 35/40 MP: 3/3
  2363 | D:2      | Found an opulent altar of Gozag.
  2866 | D:3      | Found a glowing golden altar of the Shining One.
  2868 | D:3      | Found a basalt altar of Yredelemnul.
  2868 | D:3      | Found a shimmering blue altar of Sif Muna.
  2869 | D:3      | Found an ancient bone altar of Kikubaaqudgha.
  2869 | D:3      | Found a bloodstained altar of Trog.
  3116 | D:3      | Reached XP level 5. HP: 47/47 MP: 4/4
  3123 | D:3      | Reached *** piety under Trog
  3740 | D:4      | Found Ichorat's Weapon Shop.
  3748 | D:4      | You fall into a shaft and drop 2 floors!
  3752 | D:6      | Noticed an orc warrior
  3772 | D:6      | HP: 2/47 [acid (9)]
  3773 | D:6      | Splashed by a jelly's acid

Illustrated notes

Levels and vault maps discovered:
D:1:      dpeg_arrival_signposts, layout_basic, minmay_octomino_c4
D:2:      layout_basic, grunt_gozag_statues, grunt_ministairs_10
D:3:      minmay_chambers_of_twos, layout_basic, grunt_temple_overflow_open,
          serial_corexii_hall, corexii_hall_statues_i,
          chequers_hall_statues_corner_a, grunt_decor_resistance
D:4:      layout_rooms, serial_shops, shop, chequers_serial_rivers_micro_a
D:6:      layout_rooms, lemuel_crystal_altar, lemuel_round_altar,
          minmay_temple_entry_slanted, portal_sewer_entry_e,
          uniq_crazy_yiuf_cottage

Skill      XL: |  1  2  3  4  5 |
---------------+----------------+-----
Armour         | 3 4 |  4.1
Fighting       | 4 |  4.8
Axes           | 4 |  4.9
Dodging        | 3 |  3.6

Action                   |  1- 3 |  4- 6 || total
-------------------------+-------+-------++-------
Melee: Hand axe          |    90 |    89 ||   179
       Headbutt          |     9 |    18 ||    27
Invok: Trog's Hand       |     1 |     1 ||     2
Armor: Animal skin       |    21 |    15 ||    36
Dodge: Dodged            |    62 |    74 ||   136
